TOP OF THE 1ST |
Windy City Blues batting - Pitching for California Kodiaks : RHP B.B. Trynkov
|
Pitching: RHP B.B. Trynkov
|
|
Batting: RHB Dulani Cherry
|
0-0: Called Strike 0-1: Foul Ball, location: 2F 0-2: Ball 1-2: Fly out, F8 (Flyball, 8RM, EV 91.2 MPH)
|
Batting: LHB Jay Sharpe
|
0-0: Called Strike 0-1: Foul Ball, location: 2F 0-2: SINGLE (Groundball, 4MD, EV 101.9 MPH)
|
Batting: LHB Nigel Torres
|
0-0: Ball 1-0: Foul Ball, location: 2F 1-1: Ball 2-1: Ball 3-1: SINGLE (Line Drive, 78S, EV 104.4 MPH) Jay Sharpe to second
|
Batting: LHB Cade McCormick
|
0-0: Called Strike 0-1: Ball 1-1: Swinging Strike 1-2: Strikes out swinging
|
Batting: SHB Erik Gripka
|
0-0: Ball 1-0: Foul Ball, location: 2F 1-1: Ball 2-1: Foul Ball, location: 2F 2-2: Ball 3-2: Base on Balls Jay Sharpe to third Nigel Torres to second
|
Batting: SHB Jim Cullipher
|
0-0: Ball 1-0: Ball 2-0: Swinging Strike 2-1: Ball 3-1: Called Strike 3-2: Strikes out looking
|
Top of the 1st over - 0 runs, 2 hits, 0 errors, 3 left on base; Windy City 0 - California 0 |
BOTTOM OF THE 1ST |
California Kodiaks batting - Pitching for Windy City Blues : RHP Jeremy Jackson
|
Pitching: RHP Jeremy Jackson
|
|
Batting: LHB Stephen Caskey
|
0-0: Ball 1-0: Ball 2-0: Swinging Strike 2-1: Foul Ball, location: 2F 2-2: Ball 3-2: Strikes out swinging
|
Batting: SHB Brady Hill
|
0-0: Ball 1-0: Fly out, F8 (Line Drive, 8LD, EV 91.2 MPH)
|
Batting: RHB Spencer Stephens
|
0-0: Ball 1-0: Ball 2-0: Ground out 6-3 (Groundball, 6M, EV 103.8 MPH)
|
Bottom of the 1st over - 0 runs, 0 hits, 0 errors, 0 left on base; Windy City 0 - California 0 |
TOP OF THE 2ND |
Windy City Blues batting - Pitching for California Kodiaks : RHP B.B. Trynkov
|
Batting: SHB Steven Hall
|
0-0: Foul Ball, location: 2F 0-1: Fly out, F9 (Flyball, 89M, EV 83.1 MPH)
|
Batting: RHB Eric Massaro
|
0-0: Foul Ball, location: 2F 0-1: Foul Ball, location: 2F 0-2: Foul Ball, location: 2F 0-2: Strikes out looking
|
Batting: RHB Jesse Dissen
|
0-0: Ball 1-0: Ball 2-0: SINGLE (Groundball, 34D, EV 97.5 MPH)
|
Batting: RHB Dulani Cherry
|
0-0: Called Strike 0-1: Fly out, F7 (Flyball, 78M, EV 80.6 MPH)
|
Top of the 2nd over - 0 runs, 1 hit, 0 errors, 1 left on base; Windy City 0 - California 0 |
BOTTOM OF THE 2ND |
California Kodiaks batting - Pitching for Windy City Blues : RHP Jeremy Jackson
|
Batting: RHB Rory Elia Jr.
|
0-0: Ball 1-0: Called Strike 1-1: Swinging Strike 1-2: Ball 2-2: Ground out U3 (Groundball, 3, EV 78.8 MPH)
|
Batting: RHB Greg Thomas
|
0-0: Called Strike 0-1: Ball 1-1: DOUBLE (Flyball, 8RXD, EV 110.6 MPH)
|
Batting: RHB Stan Sikes
|
0-0: Ball 1-0: Ball 2-0: Swinging Strike 2-1: Foul Ball, location: 2F 2-2: Ball 3-2: Foul Ball, location: 2F 3-2: Strikes out swinging
|
Batting: RHB Nickolas Keyes
|
0-0: Foul Ball, location: 2F 0-1: Called Strike 0-2: Foul Ball, location: 2F 0-2: Ball 1-2: Strikes out swinging
|
Bottom of the 2nd over - 0 runs, 1 hit, 0 errors, 1 left on base; Windy City 0 - California 0 |
TOP OF THE 3RD |
Windy City Blues batting - Pitching for California Kodiaks : RHP B.B. Trynkov
|
Batting: LHB Jay Sharpe
|
0-0: Swinging Strike 0-1: Called Strike 0-2: Ball 1-2: Strikes out looking
|
Batting: LHB Nigel Torres
|
0-0: Swinging Strike 0-1: Swinging Strike 0-2: Foul Ball, location: 2F 0-2: Ball 1-2: Ball 2-2: SINGLE (Line Drive, 6D, EV 100.6 MPH)
|
Batting: LHB Cade McCormick
|
0-0: Ball 1-0: Foul Ball, location: 2F 1-1: Ball 2-1: Ball 3-1: Swinging Strike 3-2: Strikes out swinging
|
Batting: SHB Erik Gripka
|
0-0: Ball 1-0: Foul Ball, location: 2F 1-1: Called Strike 1-2: Ball 2-2: Ground out 4-3 (Groundball, 4, EV 85.0 MPH)
|
Top of the 3rd over - 0 runs, 1 hit, 0 errors, 1 left on base; Windy City 0 - California 0 |
BOTTOM OF THE 3RD |
California Kodiaks batting - Pitching for Windy City Blues : RHP Jeremy Jackson
|
Batting: LHB Wesley Fernandez
|
0-0: Ground out 6-3 (Groundball, 6M, EV 86.2 MPH)
|
Batting: LHB Damien Sidamon
|
0-0: Ball 1-0: Called Strike 1-1: Called Strike 1-2: Ball 2-2: Ground out 6-3 (Groundball, 6, EV 85.6 MPH)
|
Batting: LHB Stephen Caskey
|
0-0: Ball 1-0: DOUBLE (Line Drive, 7LM, EV 107.5 MPH)
|
Batting: SHB Brady Hill
|
0-0: Swinging Strike 0-1: Swinging Strike 0-2: Strikes out looking
|
Bottom of the 3rd over - 0 runs, 1 hit, 0 errors, 1 left on base; Windy City 0 - California 0 |
TOP OF THE 4TH |
Windy City Blues batting - Pitching for California Kodiaks : RHP B.B. Trynkov
|
Batting: SHB Jim Cullipher
|
0-0: Foul Ball, location: 2F 0-1: Ground out U3 (Groundball, 34, EV 85.0 MPH)
|
Batting: SHB Steven Hall
|
0-0: Swinging Strike 0-1: Ball 1-1: Ball 2-1: SINGLE (Line Drive, 4M, EV 100.0 MPH)
|
Batting: RHB Eric Massaro
|
0-0: Fielders Choice at 2nd, 6-4 (Groundball, 56, EV 107.5 MPH)
|
Batting: RHB Jesse Dissen
|
0-0: Called Strike 0-1: Ball 1-1: Ball 2-1: Fielders Choice at 2nd, 6-4 (Groundball, 6D, EV 111.9 MPH)
|
Top of the 4th over - 0 runs, 1 hit, 0 errors, 1 left on base; Windy City 0 - California 0 |
BOTTOM OF THE 4TH |
California Kodiaks batting - Pitching for Windy City Blues : RHP Jeremy Jackson
|
Batting: RHB Spencer Stephens
|
0-0: Ball 1-0: Foul Ball, location: 9LSF, Error on foul ball, E9 1-1: Foul Ball, location: 2F 1-2: Strikes out swinging
|
Batting: RHB Rory Elia Jr.
|
0-0: Called Strike 0-1: Ball 1-1: Called Strike 1-2: SINGLE (Line Drive, 89M, EV 91.9 MPH)
|
Batting: RHB Greg Thomas
|
0-0: Called Strike 0-1: Ball 1-1: Ball Rory Elia Jr. is caught stealing 2nd base 2-4 2-1: Foul Ball, location: 2F 2-2: Foul Ball, location: 2F 2-2: Foul Ball, location: 2F 2-2: Foul Ball, location: 2F 2-2: Ball 3-2: Foul Ball, location: 2F 3-2: Fly out, F8 (Flyball, 8RM, EV 84.4 MPH)
|
Bottom of the 4th over - 0 runs, 1 hit, 1 error, 0 left on base; Windy City 0 - California 0 |
TOP OF THE 5TH |
Windy City Blues batting - Pitching for California Kodiaks : RHP B.B. Trynkov
|
Batting: RHB Dulani Cherry
|
0-0: Called Strike 0-1: Swinging Strike 0-2: Ball 1-2: Ball 2-2: Ground out 4-3 (Groundball, 4MS, EV 80.6 MPH)
|
Batting: LHB Jay Sharpe
|
0-0: Foul Ball, location: 2F 0-1: Foul Ball, location: 2F 0-2: SOLO HOME RUN (Flyball, 89XD, EV 103.8 MPH), Distance : 416 ft
|
Batting: LHB Nigel Torres
|
0-0: Ball 1-0: Foul Ball, location: 2F 1-1: Foul Ball, location: 2F 1-2: Ball 2-2: Ball 3-2: Fly out, F9 (Flyball, 9, EV 91.2 MPH)
|
Batting: LHB Cade McCormick
|
0-0: Called Strike 0-1: Ground out 4-3 (Groundball, 34, EV 86.9 MPH)
|
Top of the 5th over - 1 run, 1 hit, 0 errors, 0 left on base; Windy City 1 - California 0 |
BOTTOM OF THE 5TH |
California Kodiaks batting - Pitching for Windy City Blues : RHP Jeremy Jackson
|
Batting: RHB Stan Sikes
|
0-0: Called Strike 0-1: Ball 1-1: Ball 2-1: Foul Ball, location: 2F 2-2: Foul Ball, location: 2F 2-2: Ball 3-2: Strikes out swinging
|
Batting: RHB Nickolas Keyes
|
0-0: Ball 1-0: Foul Ball, location: 2F 1-1: Foul Ball, location: 2F 1-2: Strikes out swinging
|
Batting: LHB Wesley Fernandez
|
0-0: Ground out 4-3 (Groundball, 4, EV 84.4 MPH)
|
Bottom of the 5th over - 0 runs, 0 hits, 0 errors, 0 left on base; Windy City 1 - California 0 |
TOP OF THE 6TH |
Windy City Blues batting - Pitching for California Kodiaks : RHP B.B. Trynkov
|
Batting: SHB Erik Gripka
|
0-0: Ball 1-0: Foul Ball, location: 2F 1-1: Ground out 4-3 (Groundball, 34, EV 86.9 MPH)
|
Pitching: LHP Aubrey Wheelwright
|
|
Batting: SHB Jim Cullipher
|
0-0: Called Strike 0-1: Swinging Strike 0-2: Ball 1-2: Strikes out looking
|
Batting: SHB Steven Hall
|
0-0: Ball 1-0: Ball 2-0: Ground out U3 (Groundball, 34, EV 86.9 MPH)
|
Top of the 6th over - 0 runs, 0 hits, 0 errors, 0 left on base; Windy City 1 - California 0 |
BOTTOM OF THE 6TH |
California Kodiaks batting - Pitching for Windy City Blues : RHP Jeremy Jackson
|
Batting: LHB Damien Sidamon
|
0-0: Fly out, F8 (Flyball, 8LD, EV 106.9 MPH)
|
Batting: LHB Stephen Caskey
|
0-0: Ball 1-0: Foul Ball, location: 2F 1-1: Ball 2-1: TRIPLE (Flyball, 78XD, EV 108.1 MPH)
|
Batting: SHB Brady Hill
|
0-0: Swinging Strike 0-1: Ball 1-1: Foul Ball, location: 2F 1-2: SINGLE (Line Drive, 4D, EV 97.5 MPH) Stephen Caskey scores
|
Batting: RHB Spencer Stephens
|
0-0: Called Strike 0-1: Hit by Pitch Brady Hill to second
|
Batting: RHB Rory Elia Jr.
|
0-0: Called Strike 0-1: Foul Ball, location: 2F 0-2: Ball 1-2: Ball 2-2: Foul Ball, location: 2F 2-2: Ball 3-2: Foul Ball, location: 2F 3-2: Base on Balls Brady Hill to third Spencer Stephens to second
|
Batting: RHB Greg Thomas
|
0-0: Called Strike 0-1: Called Strike 0-2: Strikes out swinging
|
Batting: RHB Stan Sikes
|
0-0: Ball 1-0: Foul Ball, location: 2F 1-1: Called Strike 1-2: Strikes out looking
|
Bottom of the 6th over - 1 run, 2 hits, 0 errors, 3 left on base; Windy City 1 - California 1 |
TOP OF THE 7TH |
Windy City Blues batting - Pitching for California Kodiaks : LHP Aubrey Wheelwright
|
Pitching: RHP Ian Park
|
|
Batting: RHB Eric Massaro
|
0-0: Called Strike 0-1: Hit by Pitch
|
Batting: RHB Jesse Dissen
|
0-0: Reached on error, E3 (Groundball, 23, EV 43.8 MPH) Eric Massaro to second
|
Batting: RHB Dulani Cherry
|
0-0: Ball Wild Pitch! Eric Massaro to third Jesse Dissen to second 1-0: Ball 2-0: Called Strike 2-1: DOUBLE (Flyball, 89XD, EV 110.0 MPH) Eric Massaro scores Jesse Dissen scores
|
Batting: LHB Jay Sharpe
|
0-0: Ball 1-0: Called Strike 1-1: Called Strike 1-2: Foul Ball, location: 2F 1-2: Strikes out looking
|
Batting: LHB Nigel Torres
|
0-0: Intentional Walk
|
Batting: LHB Cade McCormick
|
0-0: Foul Ball, location: 2F 0-1: Swinging Strike 0-2: Foul Ball, location: 2F 0-2: Foul Ball, location: 2F 0-2: Foul Ball, location: 2F 0-2: Ball 1-2: Foul Ball, location: 2F 1-2: Foul Ball, location: 2F 1-2: Ball 2-2: Foul Ball, location: 2F 2-2: Strikes out looking
|
Batting: SHB Erik Gripka
|
0-0: Called Strike 0-1: Ball 1-1: Foul Ball, location: 2F 1-2: Strikes out swinging
|
Top of the 7th over - 2 runs, 1 hit, 1 error, 2 left on base; Windy City 3 - California 1 |
BOTTOM OF THE 7TH |
California Kodiaks batting - Pitching for Windy City Blues : RHP Jeremy Jackson
|
Batting: RHB Nickolas Keyes
|
0-0: Ground out U3 (Groundball, 3, EV 85.6 MPH)
|
Batting: LHB Wesley Fernandez
|
0-0: Foul Ball, location: 2F 0-1: Fly out, F7 (Flyball, 7S, EV 78.8 MPH)
|
Batting: LHB Damien Sidamon
|
0-0: Called Strike 0-1: Foul Ball, location: 2F 0-2: Ball 1-2: Ball 2-2: Ground out 6-3 (Groundball, 6M, EV 82.5 MPH)
|
Bottom of the 7th over - 0 runs, 0 hits, 0 errors, 0 left on base; Windy City 3 - California 1 |
TOP OF THE 8TH |
Windy City Blues batting - Pitching for California Kodiaks : RHP Ian Park
|
Pitching: LHP Neal Forsberg
|
|
Batting: SHB Jim Cullipher
|
0-0: Swinging Strike 0-1: Called Strike 0-2: Ball 1-2: Ball 2-2: Strikes out swinging
|
Batting: SHB Steven Hall
|
0-0: Called Strike 0-1: Foul Ball, location: 2F 0-2: Strikes out swinging
|
Pitching: LHP Dalton Robbins
|
|
Batting: RHB Eric Massaro
|
0-0: Ball 1-0: Foul Ball, location: 2F 1-1: Swinging Strike 1-2: Ball 2-2: Foul Ball, location: 2F 2-2: Ball 3-2: Foul Ball, location: 2F 3-2: SINGLE (Groundball, 34D, EV 101.9 MPH)
|
Batting: RHB Jesse Dissen
|
0-0: Called Strike 0-1: Swinging Strike 0-2: Strikes out swinging
|
Top of the 8th over - 0 runs, 1 hit, 0 errors, 1 left on base; Windy City 3 - California 1 |
BOTTOM OF THE 8TH |
California Kodiaks batting - Pitching for Windy City Blues : RHP Jeremy Jackson
|
Pitching: LHP Cooper Ritchey
|
|
Batting: LHB Stephen Caskey
|
0-0: Foul Ball, location: 2F 0-1: Foul Ball, location: 2F 0-2: Ball 1-2: Strikes out looking
|
Batting: SHB Brady Hill
|
0-0: DOUBLE (Flyball, 8LXD, EV 103.1 MPH)
|
Batting: RHB Spencer Stephens
|
0-0: Called Strike 0-1: Ball 1-1: Ground out 5-3 (Groundball, 56, EV 85.0 MPH)
|
Batting: RHB Rory Elia Jr.
|
0-0: DOUBLE (Line Drive, 89D, EV 107.5 MPH) Brady Hill scores
|
Batting: RHB Greg Thomas
|
0-0: Called Strike 0-1: Ball 1-1: Ball 2-1: Ball 3-1: Called Strike 3-2: Foul Ball, location: 2F 3-2: Base on Balls
|
Batting: RHB Stan Sikes
|
0-0: SINGLE (Groundball, 56D, EV 102.5 MPH) Rory Elia Jr. to third Greg Thomas to second Runner from 3rd tries for Home, SAFE, throw by LF to home
|
Batting: RHB Nickolas Keyes
|
0-0: Ball 1-0: Foul Ball, location: 2F 1-1: Ball 2-1: Foul Ball, location: 2F 2-2: Ground out 6-3 (Groundball, 6S, EV 66.9 MPH)
|
Bottom of the 8th over - 2 runs, 3 hits, 0 errors, 2 left on base; Windy City 3 - California 3 |
TOP OF THE 9TH |
Windy City Blues batting - Pitching for California Kodiaks : LHP Dalton Robbins
|
Batting: RHB Dulani Cherry
|
0-0: Ball 1-0: Foul Ball, location: 2F 1-1: Swinging Strike 1-2: Strikes out looking
|
Batting: LHB Jay Sharpe
|
0-0: Called Strike 0-1: Ball 1-1: Fly out, F8 (Line Drive, 8RM, EV 98.1 MPH)
|
Batting: LHB Nigel Torres
|
0-0: Foul Ball, location: 2F 0-1: Ball 1-1: Foul Ball, location: 2F 1-2: Ground out 4-3 (Groundball, 4S, EV 84.4 MPH)
|
Top of the 9th over - 0 runs, 0 hits, 0 errors, 0 left on base; Windy City 3 - California 3 |
BOTTOM OF THE 9TH |
California Kodiaks batting - Pitching for Windy City Blues : LHP Cooper Ritchey
|
Pinch Hitting: SHB Jaylin Godsey
|
0-0: Ball 1-0: Swinging Strike 1-1: Ball 2-1: Ball 3-1: Swinging Strike 3-2: Strikes out swinging
|
Pinch Hitting: RHB Kyle Leonard
|
0-0: Ball 1-0: Ball 2-0: Ball 3-0: Base on Balls
|
Pitching: LHP Jamal Johnson
|
|
Batting: LHB Stephen Caskey
|
0-0: Swinging Strike 0-1: Swinging Strike 0-2: Foul Ball, location: 2F 0-2: Ball 1-2: Foul Ball, location: 2F 1-2: SINGLE (Line Drive, 9LS, EV 111.9 MPH) Kyle Leonard to second
|
Batting: SHB Brady Hill
|
0-0: Ball 1-0: Ball 2-0: Swinging Strike 2-1: Fly out, F8 (Flyball, 8LD, EV 86.9 MPH) Runner from 2nd tags up, SAFE at 3rd with throw by CF
|
Batting: RHB Spencer Stephens
|
0-0: Foul Ball, location: 2F 0-1: Ball 1-1: Foul Ball, location: 2F 1-2: Fielders Choice at 2nd, 6-4 (Groundball, 6, EV 99.4 MPH)
|
Bottom of the 9th over - 0 runs, 1 hit, 0 errors, 2 left on base; Windy City 3 - California 3 |
TOP OF THE 10TH |
Windy City Blues batting - Pitching for California Kodiaks : LHP Dalton Robbins
|
Pitching: RHP Kel Ingle
|
|
Now at C: Greg Soltis
|
|
Now in LF: Jaylin Godsey
|
|
Now in CF: Stephen Caskey
|
|
Batting: LHB Cade McCormick
|
0-0: Ball 1-0: Ball 2-0: Ball 3-0: Called Strike 3-1: Foul Ball, location: 2F 3-2: Strikes out swinging
|
Batting: SHB Erik Gripka
|
0-0: Called Strike 0-1: Ball 1-1: SINGLE (Line Drive, 6D, EV 95.6 MPH)
|
Batting: SHB Jim Cullipher
|
0-0: Ball 1-0: Swinging Strike 1-1: Swinging Strike 1-2: Ball 2-2: Strikes out swinging
|
Batting: SHB Steven Hall
|
0-0: Called Strike 0-1: Ball 1-1: Ball 2-1: Foul Ball, location: 2F 2-2: Ball 3-2: Base on Balls Erik Gripka to second
|
Batting: RHB Eric Massaro
|
0-0: Fly out, F8 (Flyball, 8LD, EV 95.0 MPH)
|
Top of the 10th over - 0 runs, 1 hit, 0 errors, 2 left on base; Windy City 3 - California 3 |
BOTTOM OF THE 10TH |
California Kodiaks batting - Pitching for Windy City Blues : LHP Jamal Johnson
|
Batting: RHB Rory Elia Jr.
|
0-0: SINGLE (Line Drive, 9LM, EV 104.4 MPH)
|
Batting: RHB Greg Thomas
|
0-0: Ball Rory Elia Jr. steals 2nd base 1-0: Intentional Walk
|
Batting: RHB Stan Sikes
|
0-0: Foul Ball, location: 2F 0-1: Ball 1-1: Ball 2-1: SINGLE (Line Drive, 7LM, EV 113.1 MPH) Rory Elia Jr. to third Greg Thomas to second
|
Batting: RHB Nickolas Keyes
|
0-0: Swinging Strike 0-1: SINGLE (Groundball, 56, EV 96.9 MPH) Rory Elia Jr. scores
|
Bottom of the 10th over - 1 run, 3 hits, 0 errors, 2 left on base; Windy City 3 - California 4 |
|